 Dungeon Crawl Stone Soup version 0.23.2-33-g5129a83184 (webtiles) character file.

Game seed: 13470177235792946841

13981 BorisKarlOrff the Protected (level 11, -2/97 HPs)
             Began as a Minotaur Chaos Knight on July 5, 2019.
             Was a Plaything of Xom.
             Slain by an eight-headed hydra (13 damage)
             ... on level 2 of the Lair of Beasts.
             The game lasted 00:35:51 (11558 turns).

BorisKarlOrff the Protected (MiCK)                 Turns: 11558, Time: 00:35:52

Health: -2/97      AC: 24    Str: 17      XL:     11   Next: 82%
Magic:  10/10      EV: 11    Int:  7 (9)  God:    Xom [..*...]
Gold:   1817       SH:  0    Dex: 18 (19) Spells: 10/10 levels left

rFire    . . .     SeeInvis +   a - +2 spear (chaos)
rCold    + + .     Gourm    .   (no shield)
rNeg     . . .     Faith    .   H - +2 plate armour
rPois    .         Spirit   .   d - +2 hat
rElec    .         Reflect  .   (no cloak)
rCorr    .         Harm     +   (no gloves)
MR       .....                  z - +0 pair of boots
Stlth    ..........             o - amulet of Qeodduze {Harm *Drain rC++ SInv}
HPRegen  0.26/turn              e - ring of see invisible
MPRegen  0.12/turn              g - +6 ring of dexterity

@: no status effects
A: retaliatory headbutt, horns 2, slimy green scales 1, blurry vision 1,
deterioration 2, shaggy fur 1, wild magic 1, evolution 1, sturdy frame 1
a: Renounce Religion


You were on level 2 of the Lair of Beasts.
You worshipped Xom.
You were a toy of Xom.
You were very full.

You visited 2 branches of the dungeon, and saw 13 of its levels.
You also visited: Sewer.

You collected 1817 gold pieces.

Inventory:

Hand Weapons
 a - a +2 spear of chaos (weapon)
 E - the +6 whip of Terror {slash, rC+}
   (You found it on level 9 of the Dungeon)

   It inflicts extra damage upon your enemies.
   It protects you from cold.
 K - a +2 trident of freezing
Armour
 d - a +2 hat (worn)
 l - the +3 salamander hide armour {+Rage rF++}
   (You found it on level 7 of the Dungeon)

   It greatly protects you from fire.
   It lets you go berserk.
 t - a +1 chain mail of cold resistance
 z - a +0 pair of boots (worn)
 H - a +2 plate armour (worn)
Jewellery
 e - a ring of see invisible (left hand)
 g - a +6 ring of dexterity (right hand)
 j - an uncursed amulet of guardian spirit
 o - the amulet of Qeodduze (around neck) {Harm *Drain rC++ SInv}
   (You found it on level 4 of the Dungeon)

   [amulet of harm]

   It increases damage dealt and taken.
   It greatly protects you from cold.
   It lets you see invisible.
   It causes draining when unequipped.
 I - an uncursed ring of protection from cold
Wands
 i - a wand of digging (5)
 m - a wand of flame (37)
 n - a wand of clouds (13)
 x - a wand of enslavement (7)
Scrolls
 h - 9 scrolls of teleportation
 k - 4 scrolls of magic mapping
 p - 3 scrolls of silence
 q - 2 scrolls of identify
 r - a scroll of fog
 y - 3 scrolls of remove curse
 B - a scroll of amnesia
Potions
 b - a potion of brilliance
 f - 4 potions of flight
 s - a potion of ambrosia {unknown}
 u - 2 potions of berserk rage
 w - 3 potions of haste
 A - 5 potions of curing
 D - a potion of magic {unknown}
 F - a potion of invisibility {unknown}
 J - a potion of lignification
Comestibles
 c - 8 rations


   Skills:
 + Level 9.4 Fighting
 + Level 6.3 Maces & Flails
 + Level 12.3 Polearms
 + Level 12.9 Armour
 + Level 6.5 Dodging
 + Level 5.0 Stealth
 + Level 0.5 Evocations


You had 10 spell levels left.
You didn't know any spells.
Your spell library contained the following spells:

 Spells                   Type           Power        Failure   Level  Hunger
 Corona                   Hex            #......      99%         1    ##.....
 Summon Butterflies       Summ           #.......     99%         1    ##.....
 Slow                     Hex            #.......     100%        2    ###....
 Sublimation of Blood     Necr           #.........   100%        2    ###....
 Call Canine Familiar     Summ           #.......     100%        3    ####...
 Ignite Poison            Fire/Tmut/Pois #.......     100%        3    ####...
 Spectral Weapon          Hex/Chrm       #.......     100%        3    ####...
 Petrify                  Tmut/Erth      #.......     100%        4    #####..
 Summon Ice Beast         Ice/Summ       #.......     100%        4    #####..
 Alistair's Intoxication  Tmut/Pois      #.......     100%        5    ######.
 Bolt of Magma            Conj/Fire/Erth #.........   100%        5    ######.
 Irradiate                Conj/Tmut      #.........   100%        5    ######.
 Summon Mana Viper        Hex/Summ       #.......     100%        5    ######.
 Summon Hydra             Summ           #.........   100%        7    #######


Dungeon Overview and Level Annotations

Branches:
Dungeon (11/15)            Temple (0/1) D:4            Lair (2/6) D:11
 Shoals (0/4) Lair:2          Orc (0/2) D:10
  Snake: Lair:2-4    Spider: Lair:2-4

Altars:
Sif Muna
Xom
Yredelemnul

Shops:
D:4 *   D:7 ::([(

Portals:
Trove: D:10 (give +6 demon blade)


Innate Abilities, Weirdness & Mutations

You reflexively headbutt those who attack you in melee.
You have a pair of horns on your head.
You are partially covered in slimy green scales. (AC +2)
Scrolls take you a little longer to read.
Your body often deteriorates upon taking damage.
You are covered in fur. (AC +1)
Your spells are a little harder to cast, but a little more powerful.
You evolve.
Your movements are slightly less encumbered by armour. (ER -2)


Message History

Unknown command.
The blink frog gives a loud, deep croak!
The eight-headed hydra is no longer charmed.
The eight-headed hydra bites you!
The eight-headed hydra bites you but does no damage.
The eight-headed hydra bites you.
* * * LOW HITPOINT WARNING * * *
The eight-headed hydra barely misses you.
The eight-headed hydra bites you but does no damage.
The eight-headed hydra bites you!
* * * LOW HITPOINT WARNING * * *
Your body deteriorates!
You feel dopey.
The eight-headed hydra bites you but does no damage.
The eight-headed hydra bites you.
* * * LOW HITPOINT WARNING * * *
The water moccasin bites you but does no damage.
Really read with blurry vision while enemies are nearby?
The eight-headed hydra bites you!
You die...
Xom thinks this is hilarious!

#.....## ##......##
...#...P.#####
..........#..###
..........#....#
...F#F........P##
#....#.......#
..###..D##......######
...F..F@.###.....##.P##
..#....S>..##.........#
.....#.....###.......##
.....#....## #.......#
.... ....## #.....###
#..#.....P ##..### ..P
##.... ##.## ##....
#..### ..#P...######


You could see an eight-headed hydra, 4 blink frogs and a water moccasin.

Vanquished Creatures
  An ettin (Lair:1)
  An oklob plant (Lair:1)
  2 manticores
  An ugly thing (D:11)
  Joseph (D:9)
  A black mamba (shapeshifter) (Lair:1)
  A komodo dragon (D:11)
  3 trolls
  A hornet (D:10)
  5 blink frogs (Lair:1)
  5 hippogriffs
  A spriggan (D:7)
  A wraith (D:11)
  8 yaks
  A wyvern (D:11)
  2 hungry ghosts
  Duvessa (D:7)
  2 water moccasins
  A porcupine (Lair:1)
  4 orc warriors
  Purgy (Sewer)
  2 ice beasts
  3 ogres
  2 black bears
  2 sky beasts
  2 necrophages
  A phantom (D:8)
  4 centaurs
  3 crocodiles
  A big kobold (D:11)
  13 bullfrogs
  2 wyvern zombies
  7 scorpions
  Dowan (D:7)
  3 killer bees (D:7)
  12 wights
  An electric eel (D:10)
  5 crimson imps
  A howler monkey (D:11)
  2 bullfrog zombies (D:11)
  A centaur zombie (D:9)
  A quasit (D:5)
  2 hounds
  2 jellies (D:9)
  10 orc wizards
  3 orc priests
  3 iguanas
  5 worker ants
  A bullfrog skeleton (D:8)
  A hound zombie (D:8)
  A hound skeleton (D:10)
  3 worker ant zombies
  10 gnolls
  A howler monkey skeleton (D:4)
  13 adders
  3 shadow imps
  An adder zombie (D:5)
  2 adder skeletons
  4 worms
  2 dart slugs (D:1)
  10 leopard geckos
  36 orcs
  7 giant cockroaches
  8 goblins
  8 hobgoblins
  8 jackals
  14 kobolds
  3 quokkas
  5 ball pythons
  7 bats
  8 frilled lizards
  A jackal skeleton (D:8)
  A jackal zombie (D:5)
  A leopard gecko zombie (D:8)
  A quokka skeleton (D:8)
  9 rats
  A plant (D:11)
308 creatures vanquished.

Vanquished Creatures (collateral kills)
  Harold (D:8)
  An orc wizard (D:11)
  A leopard gecko (D:8)
  An orc (D:11)
4 creatures vanquished.

Vanquished Creatures (others)
  Menkaure (D:7)
  An orc priest (D:10)
  4 plants (D:11)
6 creatures vanquished.

Grand Total: 318 creatures vanquished

Notes
Turn   | Place    | Note
-------+----------+-------------------------------------------
     0 | D:1      | BorisKarlOrff the Minotaur Chaos Knight began the quest for
                  | the Orb.
     0 | D:1      | Reached XP level 1. HP: 19/19 MP: 0/0
   179 | D:1      | Reached XP level 2. HP: 26/27 MP: 1/1
   246 | D:1      | XOM: silly message
   780 | D:2      | Reached XP level 3. HP: 30/34 MP: 2/2
   938 | D:2      | XOM: silly message
  1297 | D:2      | Reached XP level 4. HP: 41/41 MP: 3/3
  1424 | D:3      | XOM: harmless Summ miscast
  1524 | D:3      | Found a glowing drain.
  1528 | Sewer    | Entered a sewer
  1561 | Sewer    | Reached skill level 5 in Polearms
  1606 | Sewer    | Noticed Purgy
  1606 | Sewer    | XOM: harmless Pois miscast
  1609 | Sewer    | XOM: potion effect (agility)
  1616 | Sewer    | XOM: potion effect (heal wounds)
  1619 | Sewer    | Killed Purgy
  1619 | Sewer    | Reached XP level 5. HP: 40/47 MP: 4/4
  1795 | D:3      | XOM: divination: detect creatures
  1874 | D:3      | Reached skill level 5 in Fighting
  1911 | D:3      | Found a deep blue altar of Sif Muna.
  2057 | D:3      | XOM: smoke on damage
  2064 | D:3      | XOM: butterfly on damage
  2064 | D:3      | XOM: smoke on damage
  2082 | D:3      | XOM: potion effect (agility)
  2124 | D:2      | XOM: harmless Erth miscast
  2246 | D:2      | XOM: harmless Summ miscast
  2449 | D:3      | Reached XP level 6. HP: 56/56 MP: 5/5
  2584 | D:4      | Found Hexorph's General Store.
  2666 | D:4      | Reached skill level 5 in Armour
  2791 | D:4      | Got a shimmering crystal amulet
  2792 | D:4      | Identified the amulet of Qeodduze {Harm *Drain rC++ SInv}
                  | (You found it on level 4 of the Dungeon)
  2877 | D:4      | Reached skill level 1 in Stealth
  2927 | D:4      | Reached XP level 7. HP: 61/61 MP: 6/6
  2975 | D:4      | Found a staircase to the Ecumenical Temple.
  2992 | D:4      | XOM is BORED!
  2992 | D:4      | XOM: noise
  3117 | D:4      | XOM: polymorph hound -> centaur
  3214 | D:5      | Entered Level 5 of the Dungeon
  3236 | D:5      | XOM: noise
  3264 | D:5      | XOM: noise
  3266 | D:5      | XOM: divination: detect creatures
  3327 | D:5      | Gained mutation: You are partially covered in slimy green
                  | scales. (AC +2) [potion of mutation]
  3327 | D:5      | Gained mutation: You evolve. [potion of mutation]
  3327 | D:5      | Gained mutation: Your muscles are strong. (Str +2) [potion
                  | of mutation]
  3327 | D:5      | XOM: harmless Tmut miscast
  3423 | D:6      | XOM: divination: detect creatures
  3509 | D:5      | XOM: harmless Ice miscast
  3607 | D:5      | XOM: harmless Tloc miscast
  3613 | D:5      | XOM: harmless Hex miscast
  3678 | D:5      | Reached XP level 8. HP: 64/70 MP: 7/7
  4300 | D:6      | XOM: silly message
  4910 | D:7      | XOM: confuse monster(s)
  4929 | D:7      | Found a basalt altar of Yredelemnul.
  4931 | D:7      | Found the +3 salamander hide armour {+Rage rF++}
  4935 | D:7      | Found Oxunuoqo's Weapon Shoppe.
  5021 | D:7      | Found Sanus's Book Emporium.
  5082 | D:7      | Found Cyoclah's Book Emporium.
  5251 | D:7      | Noticed a hippogriff
  5251 | D:7      | Noticed Dowan
  5252 | D:7      | Noticed Duvessa
  5253 | D:7      | Noticed Menkaure
  5255 | D:7      | XOM: enchant monster (good)
  5259 | D:7      | XOM: confuse monster(s)
  5260 | D:7      | Killed Dowan
  5267 | D:7      | Killed Duvessa
  5268 | D:7      | Your ally died
  5270 | D:7      | XOM: noise
  5272 | D:7      | Killed a hippogriff
  5272 | D:7      | Reached XP level 9. HP: 33/78 MP: 8/8
  5500 | D:7      | Found Maduh's Antique Armour Shoppe.
  5506 | D:7      | XOM: silly message
  5508 | D:7      | XOM: cast spell 'Alistair's Intoxication'
  5573 | D:7      | Found Zarin's Weapon Emporium.
  5637 | D:7      | Reached skill level 5 in Dodging
  5675 | D:7      | XOM: harmless Tmut miscast
  5945 | D:8      | XOM: summons 5 friendly demons
  6002 | D:8      | XOM: blink monster(s)
  6012 | D:8      | XOM: summons 2 friendly demons
  6155 | D:8      | XOM: god gift: 53 gold pieces
  6175 | D:8      | Reached skill level 10 in Polearms
  6200 | D:8      | XOM: summons 4 hostile shadow creatures
  6209 | D:8      | XOM: enchant monster (bad)
  6359 | D:8      | XOM: summons 1 hostile demon
  6437 | D:8      | XOM: give mutations
  6437 | D:8      | Lost mutation: Your muscles are strong. (Str +2) [Xom's
                  | mischief]
  6437 | D:8      | Gained mutation: Your body sometimes deteriorates upon
                  | taking damage. [Xom's mischief]
  6437 | D:8      | Gained mutation: You are frail. (-10% HP) [Xom's mischief]
  6437 | D:8      | Gained mutation: Armour fits poorly on your strangely
                  | shaped body. [Xom's mischief]
  6487 | D:8      | Noticed Harold
  6500 | D:8      | Killed Harold
  6689 | D:8      | XOM: scenery: create altars
  6813 | D:9      | Reached XP level 10. HP: 75/77 MP: 9/9
  6825 | D:9      | Reached skill level 10 in Armour
  6839 | D:9      | XOM: divination: detect items
  6851 | D:9      | XOM: confuse monster(s)
  6932 | D:9      | XOM: god gift: scroll of teleportation
  7062 | D:9      | XOM: smoke on damage
  7130 | D:9      | XOM: give mutations
  7130 | D:9      | Gained mutation: You are covered in fur. (AC +1) [Xom's
                  | grace]
  7130 | D:9      | Gained mutation: Your movements are slightly less
                  | encumbered by armour. (ER -2) [Xom's grace]
  7175 | D:9      | Got a transparent whip
  7176 | D:9      | Identified the +6 whip of Terror {slash, rC+} (You found it
                  | on level 9 of the Dungeon)
  7216 | D:9      | Noticed Joseph
  7217 | D:9      | XOM: scenery: create altars
  7231 | D:9      | Killed Joseph
  7258 | D:9      | XOM: give mutation
  7258 | D:9      | Gained mutation: Your spells are a little harder to cast,
                  | but a little more powerful. [Xom's grace]
  7593 | D:9      | XOM: god gift: 1090 gold pieces
  7622 | D:10     | Entered Level 10 of the Dungeon
  7622 | D:10     | Found a portal to a secret trove of treasure.
  7855 | D:10     | Reached skill level 1 in Maces & Flails
  7932 | D:10     | XOM: god gift: scroll of teleportation
  8054 | D:10     | XOM: scenery: 1 doors close
  8071 | D:10     | XOM: confuse monster(s)
  8326 | D:10     | XOM: silly message
  8367 | D:10     | Found a staircase to the Orcish Mines.
  8504 | D:11     | XOM: potion effect (agility)
  8505 | D:11     | XOM: silly message
  8508 | D:11     | XOM: enchant monster (good)
  8517 | D:11     | XOM: potion effect (haste)
  8540 | D:11     | Noticed a manticore
  8568 | D:10     | XOM: harmless Hex miscast
  8641 | D:10     | XOM: harmless Summ miscast
  8760 | D:11     | XOM: cast spell 'Summon Butterflies'
  8762 | D:11     | XOM: cast spell 'Call Canine Familiar'
  8779 | D:11     | XOM: polymorph butterfly -> adder
  8800 | D:11     | Killed a manticore
  8800 | D:11     | Reached skill level 5 in Maces & Flails
  8800 | D:11     | Reached XP level 11. HP: 17/85 MP: 10/10
  8866 | D:10     | XOM is BORED!
  8866 | D:10     | XOM: give mutations
  8866 | D:10     | Gained mutation: Scrolls take you a little longer to read.
                  | [Xom's mischief]
  8866 | D:10     | Lost mutation: Armour fits poorly on your strangely shaped
                  | body. [Xom's mischief]
  8866 | D:10     | Gained mutation: Your body often deteriorates upon taking
                  | damage. [Xom's mischief]
  8866 | D:10     | Gained mutation: You tend to lose your temper in combat.
                  | [Xom's mischief]
  9071 | D:10     | XOM: stat loss: -1 Str (16/17)
  9329 | D:11     | XOM: cast spell 'Summon Hydra'
  9374 | D:11     | Noticed a six-headed hydra
  9450 | D:11     | XOM: destruction
  9463 | D:11     | Found a staircase to the Lair.
  9716 | D:11     | Noticed a purple ugly thing
  9739 | D:11     | Killed a purple ugly thing
  9764 | D:11     | Lost mutation: You are frail. (-10% HP) [evolution]
  9799 | Lair:1   | Entered Level 1 of the Lair of Beasts
  9799 | Lair:1   | Noticed an oklob plant
  9810 | Lair:1   | XOM: enchant monster (bad)
  9823 | Lair:1   | Killed an oklob plant
  9870 | Lair:1   | XOM: god gift: 4 rations
 10036 | Lair:1   | XOM: confuse monster(s)
 10070 | Lair:1   | XOM: god gift: book of Alchemy
 10091 | Lair:1   | XOM: summons 2 friendly demons
 10105 | Lair:1   | XOM: chaos cloud
 10123 | Lair:1   | XOM: summons 2 hostile shadow creatures
 10129 | Lair:1   | XOM: medium Erth miscast
 10135 | Lair:1   | XOM: harmless Necr miscast
 10216 | Lair:1   | XOM: blink monster(s)
 10637 | Lair:1   | Noticed an eight-headed hydra
 10637 | Lair:1   | Noticed an ettin
 10637 | Lair:1   | an eight-headed hydra changed into an ettin
 10637 | Lair:1   | XOM: polymorph eight-headed hydra -> ettin
 10640 | Lair:1   | XOM: butterfly on damage
 10642 | Lair:1   | XOM: butterfly on damage
 10644 | Lair:1   | XOM: stat loss: -1 Str (16/17)
 10668 | Lair:1   | XOM: enchant monster (good)
 10876 | Lair:1   | XOM: fake destruction
 10881 | Lair:1   | Killed an ettin
 10885 | Lair:1   | XOM: harmless Air miscast
 11296 | Lair:1   | Lost mutation: You tend to lose your temper in combat.
                  | [evolution]
 11426 | Lair:2   | Found a staircase to the Shoals.
 11428 | Lair:2   | XOM: silly message
 11443 | Lair:2   | Reached skill level 5 in Stealth
 11451 | Lair:2   | Identified the Handbook of Ensnaring Flames
 11530 | Lair:2   | Noticed an eight-headed hydra
 11537 | Lair:2   | XOM: enchant monster (good)
 11558 | Lair:2   | Slain by an eight-headed hydra

Skill      XL: |  1  2  3  4  5  6  7  8  9 10 11 |
---------------+----------------------------------+-----
Polearms       | 4 5 6 7 9 10 11 12 | 12.3
Fighting       | 4 5 6 7 8 9 |  9.4
Armour         | 3 4 5 6 8 9 11 12 | 12.9
Dodging        | 2 3 4 5 6 |  6.5
Stealth        | 1 2 3 4 5 |  5.0
Maces & Flails | 5 6 |  6.3
Evocations     | |  0.5

Action                   |  1- 3 |  4- 6 |  7- 9 | 10-12 || total
-------------------------+-------+-------+-------+-------++-------
Melee: Spear             |    89 |   150 |   341 |   345 ||   925
       Headbutt          |     9 |    26 |    98 |   139 ||   272
       Whip              |       |       |       |   153 ||   153
Evoke: Wand              |       |       |       |     3 ||     3
  Use: Scroll            |       |     7 |    11 |    11 ||    29
       Potion            |       |     3 |     1 |     6 ||    10
 Stab: Paralysed         |     2 |       |       |    12 ||    14
       Confused          |       |       |     3 |     4 ||     7
       Petrifying        |       |       |     1 |     2 ||     3
  Eat: Ration            |     1 |     3 |     2 |     8 ||    14
Armor: Leather armour    |    14 |       |       |       ||    14
       Scale mail        |    30 |    64 |    78 |       ||   172
       Chain mail        |       |       |    70 |    39 ||   109
       Plate armour      |       |       |       |   150 ||   150
Dodge: Dodged            |    41 |    87 |   176 |   233 ||   537
